 Dungeon Crawl Stone Soup version 0.30-b1-2-g02819fbbbe (webtiles) character file.

Game seed: 2466950747401897546

4545 maniek23 the Cleaver (level 10, -14/86 HPs)
             Began as a Minotaur Monk on July 23, 2023.
             Was a Priest of Trog.
             Demolished by a two-headed ogre
             ... wielding a +0 giant club
              (25 damage)
             ... on level 9 of the Dungeon.
             The game lasted 00:48:59 (7697 turns).

maniek23 the Cleaver (Minotaur Monk)                Turns: 7697, Time: 00:49:00

Health: -14/86     AC: 16    Str: 19    XL:     10   Next: 17%
Magic:  9/9        EV:  8    Int:  7    God:    Trog [***...]
Gold:   421        SH:  5    Dex: 16    Spells: 9/9 levels left

rFire   + . .        K - +3 hand axe
rCold   + . .        d - orb {light}
rNeg    + . .        T - +0 plate armour of Orthodoxy {rElec rC+ Will+ Dex+2}
rPois   .            (helmet restricted)
rElec   +            N - +0 cloak
rCorr   .            s - +0 pair of gloves
SInv    .            (no boots)
Will    +++..        w - amulet of reflection Stlth
                     q - ring of protection from fire
HPRegen 1.34/turn    P - ring of positive energy
MPRegen 0.11/turn

%: reflection
@: strong-willed, on berserk cooldown, regenerating, slowed, glowing, very slow
A: horns 2, retaliatory headbutt
a: Renounce Religion, Berserk, Trog's Hand


You were on level 9 of the Dungeon.
You worshipped Trog.
Trog was most pleased with you.
You visited 1 branch of the dungeon, and saw 9 of its levels.

You collected 657 gold pieces.
You spent 236 gold pieces at shops.

Inventory:

Hand Weapons
 a - a +0 hand axe
 e - a +2 flail of protection
 K - a +3 hand axe (weapon)
 S - a +0 short sword
Missiles
 L - a boomerang
 R - 2 javelins (quivered)
Armour
 d - an orb of light (worn)
 i - a +0 cloak
 s - a +0 pair of gloves (worn)
 A - a +1 scale mail of willpower
 M - +0 steam dragon scales
 N - a +0 cloak (worn)
 T - the +0 plate armour of Orthodoxy (worn) {rElec rC+ Will+ Dex+2}
   (You found it on level 8 of the Dungeon)

   Dex:       It affects your dexterity (+2).
   rC:        It protects you from cold.
   rElec:     It insulates you from electricity.
   Will:      It increases your willpower.
Jewellery
 q - a ring of protection from fire (left hand)
 w - an amulet of reflection (around neck)
 O - a ring of resist corrosion
 P - a ring of positive energy (right hand)
 Q - an amulet of magic regeneration
Wands
 r - a wand of flame (8)
 x - a wand of paralysis (9)
 F - a wand of iceblast (5)
 I - a wand of polymorph (9)
 J - a wand of acid (4)
Scrolls
 b - a scroll of blinking {unknown}
 f - 3 scrolls of identify
 g - 2 scrolls of brand weapon
 h - 2 scrolls of vulnerability
 j - 2 scrolls of silence {unknown}
 l - a scroll of magic mapping {unknown}
 o - a scroll of immolation {unknown}
 p - a scroll of amnesia {unknown}
 u - 3 scrolls of teleportation
 y - 3 scrolls of fog
 B - 2 scrolls of fear {unknown}
 C - a scroll of noise {unknown}
 H - 2 scrolls of enchant armour {unknown}
Potions
 c - a potion of ambrosia
 m - 7 potions of curing
 n - 2 potions of degeneration {unknown}
 t - a potion of magic {unknown}
 v - 7 potions of lignification
 z - a potion of berserk rage {unknown}
 D - a potion of flight {unknown}
 E - 3 potions of invisibility {unknown}
 G - a potion of brilliance {unknown}
 U - a potion of mutation {unknown}


   Skills:
 * Level 7.6 Fighting
 + Level 11.6(11.9) Axes
 - Level 3.9(8.4) Maces & Flails
 + Level 1.4 Throwing
 * Level 8.7 Armour
 + Level 5.6 Dodging
 - Level 0.2 Stealth
 + Level 3.9 Shields
 + Level 1.8 Evocations


You had 9 spell levels left.
You didn't know any spells.
Your spell library contained the following spells:

 Spells                   Type           Power      Damage    Failure   Level
 Apportation              Tloc           0%         N/A       100%        1
 Necrotise                Necr           0%         1d4       100%        1
 Summon Small Mammal      Summ           0%         N/A       100%        1


Dungeon Overview and Level Annotations

Branches:
Dungeon (9/15)             Temple (0/1) D:4
   Lair: D:8-11         Orc: D:9-12

Altars:
Elyvilon
Makhleb
Trog
Wu Jian
Xom
Yredelemnul
Zin

Shops:
D:3 (**!*   D:8 [


Innate Abilities, Weirdness & Mutations

You have a pair of horns on your head.
You reflexively headbutt those who attack you in melee.


Message History

Your surroundings suddenly seem different.
You feel sick.
You feel sick.
You are no longer poisoned.
A two-headed ogre comes into view.
It is wielding a +0 giant club and a +0 giant spiked club.
The two-headed ogre shouts in stereo!
You hit the two-headed ogre. You headbutt the two-headed ogre.
The two-headed ogre is lightly wounded.
The two-headed ogre hits you with a +0 giant club!
You block the two-headed ogre's attack.
You hit the two-headed ogre but do no damage.
You headbutt the two-headed ogre!
The two-headed ogre is moderately wounded.
You hit the two-headed ogre.
The two-headed ogre is heavily wounded.
You block the two-headed ogre's attack.
The two-headed ogre hits you with a +0 giant spiked club!
* * * LOW HITPOINT WARNING * * *
You hit the two-headed ogre. You headbutt the two-headed ogre.
The two-headed ogre is heavily wounded.
The two-headed ogre barely misses you. x2
You hit the two-headed ogre.
The two-headed ogre is heavily wounded.
You hit the two-headed ogre.
The two-headed ogre is severely wounded.
The two-headed ogre barely misses you. The two-headed ogre closely misses you.
You hit the two-headed ogre.
The two-headed ogre is severely wounded.
The two-headed ogre hits you but does no damage.
The two-headed ogre hits you with a +0 giant spiked club!
* * * LOW HITPOINT WARNING * * *
You hit the two-headed ogre.
You headbutt the two-headed ogre, but do no damage.
The two-headed ogre is severely wounded.
The two-headed ogre hits you with a +0 giant club!
* * * LOW HITPOINT WARNING * * *
The two-headed ogre closely misses you.
You feel better.
The two-headed ogre hits you with a +0 giant club!!
You die...

# #
#####.#########.#
................#
############@####
#.O......
#########


You could see a two-headed ogre.

Vanquished Creatures
  Pikel (D:8)
  Maggie (D:6)
  Grinder (D:5)
  A wyvern (D:8)
  An acid dragon (D:8)
  2 water moccasins (D:9)
  Duvessa (D:6)
  3 orc warriors
  3 sky beasts
  2 black bears
  2 ogres
  3 wolves (D:9)
  2 bullfrogs (D:8)
  A gnoll sergeant (D:8)
  2 scorpions
  Dowan (D:6)
  4 wights (D:8)
  A crimson imp (D:5)
  A gnoll bouda (D:4)
  5 orc priests
  8 hounds
  4 jellies
  2 sleepcaps (D:5)
  4 iguanas
  9 orc wizards
  Ijyb (D:5)
  10 adders
  14 gnolls
  A white imp (D:7)
  An ufetubus (D:5)
  2 worms
  3 dart slugs
  47 orcs
  7 endoplasms
  4 giant cockroaches (D:1)
  5 goblins
  7 hobgoblins
  3 jackals (D:3)
  10 kobolds
  6 quokkas
  7 ball pythons
  7 bats
  8 frilled lizards
  8 rats
216 creatures vanquished.

Vanquished Creatures (others)
  3 fungi (D:9)
  11 plants
14 creatures vanquished.

Grand Total: 230 creatures vanquished

Notes
Turn   | Place    | Note
-------+----------+-------------------------------------------
     0 | D:1      | maniek23 the Minotaur Monk began the quest for the Orb.
     0 | D:1      | Reached XP level 1. HP: 19/19 MP: 0/0
    92 | D:1      | Reached XP level 2. HP: 25/27 MP: 1/1
   183 | D:1      | Reached skill level 4 in Axes
   375 | D:1      | Reached XP level 3. HP: 26/33 MP: 2/2
   458 | D:1      | Found a faded altar of an unknown god.
  1012 | D:2      | Reached XP level 4. HP: 34/41 MP: 3/3
  1369 | D:2      | Reached skill level 5 in Axes
  1657 | D:3      | Found Fairuf's Distillery.
  1663 | D:3      | Bought a potion of curing for 36 gold pieces
  1663 | D:3      | Bought a potion of heal wounds for 60 gold pieces
  1777 | D:3      | Found Enitupto's Assorted Antiques.
  1976 | D:3      | Found Igrozxic's General Store.
  1990 | D:3      | Found Jeawy's Weapon Shop.
  1998 | D:3      | Found a glowing silver altar of Zin.
  2278 | D:3      | Found a white marble altar of Elyvilon.
  2280 | D:3      | Found a basalt altar of Yredelemnul.
  2313 | D:3      | Found Cigadur's Assorted Antiques.
  2445 | D:3      | Found a bloodstained altar of Trog.
  2561 | D:4      | Reached XP level 5. HP: 38/47 MP: 4/4
  2584 | D:4      | Reached skill level 6 in Axes
  2725 | D:4      | Found a staircase to the Ecumenical Temple.
  2776 | D:3      | Became a worshipper of Trog the Wrathful
  2776 | D:3      | Reached * piety under Trog
  2776 | D:3      | Reached ** piety under Trog
  2831 | D:4      | Reached skill level 5 in Fighting
  2831 | D:4      | Reached XP level 6. HP: 56/56 MP: 5/5
  2977 | D:3      | Bought a glowing scale mail for 140 gold pieces
  3162 | D:4      | Reached skill level 7 in Axes
  3568 | D:5      | Entered Level 5 of the Dungeon
  3572 | D:5      | Noticed Grinder
  3588 | D:5      | Killed Grinder
  3589 | D:5      | Reached skill level 1 in Maces & Flails
  3589 | D:5      | Reached skill level 1 in Armour
  3589 | D:5      | Reached XP level 7. HP: 61/61 MP: 6/6
  3705 | D:5      | Reached skill level 1 in Shields
  3862 | D:5      | Noticed Ijyb
  3874 | D:5      | Killed Ijyb
  4107 | D:5      | Found a shimmering altar of Xom.
  4108 | D:5      | Found a burning altar of Makhleb.
  4370 | D:6      | Reached skill level 8 in Axes
  4370 | D:6      | Reached skill level 5 in Dodging
  4370 | D:6      | Reached XP level 8. HP: 66/70 MP: 7/7
  4453 | D:6      | Noticed Duvessa
  4456 | D:6      | Noticed Dowan
  4457 | D:6      | Killed Duvessa
  4466 | D:6      | Killed Dowan
  4637 | D:6      | Noticed Maggie
  4652 | D:6      | Killed Maggie
  4653 | D:6      | Reached skill level 1 in Evocations
  4673 | D:6      | Reached skill level 5 in Armour
  4805 | D:6      | Reached *** piety under Trog
  4991 | D:6      | Reached skill level 9 in Axes
  5725 | D:7      | Reached XP level 9. HP: 33/78 MP: 8/8
  5913 | D:6      | Reached skill level 1 in Throwing
  6117 | D:7      | Reached skill level 10 in Axes
  6635 | D:8      | Found Bunuic's Armour Shoppe.
  6893 | D:8      | Reached skill level 11 in Axes
  6930 | D:8      | Identified the +0 plate armour of Orthodoxy {rElec rC+
                  | Will+ Dex+2}
  7173 | D:8      | Noticed Pikel
  7179 | D:8      | Killed Pikel
  7204 | D:8      | Found an ornate altar of the Wu Jian Council.
  7544 | D:8      | Reached XP level 10. HP: 75/86 MP: 9/9
  7644 | D:9      | Reached **** piety under Trog
  7688 | D:9      | Noticed a two-headed ogre
  7696 | D:9      | HP: 4/86 [two-headed ogre/+0 giant club (10)]
  7697 | D:9      | Demolished by a two-headed ogre

Illustrated notes

Levels and vault maps discovered:
D:1:      lemuel_arrival_muddy, layout_loops_ring,
          dreamdust_ecumenical_altar_angels_and_demons, hangedman_feature_mirror
D:2:      layout_rooms, serial_corexii_hall, chequers_hall_statues_y,
          corexii_hall_statues_l, chequers_hall_statues_corner_a, st_stairs_2,
          corexii_shack, nicolae_half_adder
D:3:      layout_basic, nicolae_overflow_hidden_temple, serial_shops, shop,
          nicolae_shop_tiny_glass, nicolae_shop_tiny_real_fake_doors, shop,
          nicolae_square_shop
D:4:      layout_loops_ring, minmay_temple_entry_glassed_door
D:5:      layout_cave_pools, grunt_temple_overflow_champion_of_chaos,
          uniq_grinder, uniq_ijyb
D:6:      layout_basic, uniq_maggie, uniq_duvessa
D:7:      layout_cave_pools, minmay_misc_feat_four_crosses
D:8:      layout_loops_ring, pdpol_wu_jian_five_deadly_venoms, serial_shops,
          nicolae_lakefront_shop, nicolae_fountain_basement, uniq_pikel
D:9:      nicolae_cairo_tiling, layout_loops_ring, tgw_kikubaaqudgha,
          lemuel_crystal_altar, minmay_lair_entry_grove

Skill      XL: |  1  2  3  4  5  6  7  8  9 |
---------------+----------------------------+-----
Axes           | 4 5 6 7 8 9 11 | 11.6
Fighting       | 4 5 6 7 |  7.6
Dodging        | 4 5 |  5.6
Maces & Flails | 1 3 |  3.9
Armour         | 1 3 6 8 |  8.7
Shields        | 1 2 3 |  3.9
Evocations     | 1 |  1.8
Throwing       | 1 |  1.4
Stealth        | |  0.2

Action                     |  1- 3 |  4- 6 |  7- 9 | 10-12 || total
---------------------------+-------+-------+-------+-------++-------
  Melee: Hand axe          |    58 |   101 |   245 |    38 ||   442
         Headbutt          |     9 |    33 |    69 |     9 ||   120
         Flail             |       |    35 |    56 |       ||    91
  Throw: Throwing net      |       |     2 |       |       ||     2
         Boomerang         |       |       |    16 |       ||    16
 Invoke: Trog's Hand       |       |       |     1 |     1 ||     2
         Berserk           |       |       |     1 |     1 ||     2
  Evoke: Wand              |       |     3 |    21 |       ||    24
    Use: Scroll            |       |       |     5 |     1 ||     6
         Potion            |       |       |     1 |     3 ||     4
   Stab: Paralysed         |       |       |     1 |       ||     1
 Armour: Robe              |    17 |    15 |       |       ||    32
         Scale mail        |       |    12 |    83 |       ||    95
         Plate armour      |       |       |    14 |    26 ||    40
  Dodge: Dodged            |    38 |    59 |   114 |    22 ||   233
  Block: Orb               |       |    17 |    53 |    12 ||    82
         Reflection        |       |       |     1 |       ||     1
